 Dungeon Crawl Stone Soup version 0.31-a0-44-g49d609d0da (webtiles) character file.

Game seed: 1479731758569941599

1352 Pooter the Cleaver (level 8, -1/71 HPs)
             Began as a Minotaur Berserker on May 20, 2023.
             Was a Believer of Trog.
             Slain by a black bear (3 damage)
             ... on level 5 of the Dungeon.
             The game lasted 00:16:55 (4266 turns).

Pooter the Cleaver (Minotaur Berserker)             Turns: 4266, Time: 00:16:56

Health: -1/71      AC: 11    Str: 25    XL:     8   Next: 36%
Magic:  7/7        EV:  9    Int:  4    God:    Trog [**....]
Gold:   290        SH:  0    Dex: 15    Spells: 7/7 levels left

rFire   . . .        a - +0 battleaxe
rCold   . . .        (shield currently unavailable)
rNeg    . . .        d - +0 chain mail
rPois   .            (helmet restricted)
rElec   .            i - +0 cloak
rCorr   .            (no gloves)
SInv    .            g - +0 pair of boots
Will    .....        (no amulet) Stlth
                     s - ring of flight
HPRegen 0.31/turn    t - +6 ring of dexterity
MPRegen 0.10/turn

%: no passive effects
@: on berserk cooldown, flying
A: horns 2, retaliatory headbutt
a: Renounce Religion, Berserk, Trog's Hand


You were on level 5 of the Dungeon.
You worshipped Trog.
Trog was pleased with you.
You visited 1 branch of the dungeon, and saw 6 of its levels.

You collected 290 gold pieces.

Inventory:

Hand Weapons
 a - a +0 battleaxe (weapon)
   (You found it on level 1 of the Dungeon)
 b - a +0 sling
   (You took it off a goblin on level 2 of the Dungeon)
Missiles
 e - 6 datura-tipped darts
 u - 10 poisoned darts (quivered)
 Q - 53 stones
Armour
 d - a +0 chain mail (worn)
   (You found it on level 1 of the Dungeon)
 g - a +0 pair of boots (worn)
   (You found it on level 1 of the Dungeon)
 i - a +0 cloak (worn)
   (You found it on level 5 of the Dungeon)
Jewellery
 s - a ring of flight (left hand)
   (You found it on level 4 of the Dungeon)
 t - a +6 ring of dexterity (right hand)
   (You found it on level 4 of the Dungeon)
Scrolls
 h - a scroll of silence
 j - a scroll of fog
 m - a scroll of enchant weapon
 o - a scroll of teleportation {unknown}
 p - a scroll of noise {unknown}
 q - a scroll of poison {unknown}
 v - a scroll of magic mapping {unknown}
Potions
 c - 4 potions of attraction {!q}
 f - a potion of resistance
 k - a potion of mutation {unknown}
 l - 2 potions of might {unknown}
 n - a potion of lignification {unknown}


   Skills:
 + Level 6.5 Fighting
 * Level 8.6 Axes
 * Level 6.5 Ranged Weapons
 - Level 2.4 Armour
 - Level 2.1 Dodging
 - Level 1.7 Stealth


You had 7 spell levels left.
You didn't know any spells.
Your spell library was empty.

Dungeon Overview and Level Annotations

Branches:
Dungeon (6/15)
 Temple: D:4-7

Altars:

Shops:
D:3 (

Annotations:
D:5 Dowan


Innate Abilities, Weirdness & Mutations

You have a pair of horns on your head.
You reflexively headbutt those who attack you in melee.


Message History

* * * LOW HITPOINT WARNING * * *
The black bear claws you but does no damage. x2
Edmund barely misses you.
There is a stone staircase leading up here.
Okay, then.
Okay, then.
Okay, then.
Unknown command.
The black bear bites you but does no damage.
The black bear claws you but does no damage. x2
The black bear bites you but does no damage.
The black bear closely misses you. x2; Edmund closely misses you.
You fly upwards.
Level annotation: Dowan Dowan gestures wildly while chanting.
Dowan blinks!
There is a stone staircase leading down, spattered with blood here.
You slice Edmund!! You closely miss the black bear.
Your skin stops crawling.
You feel less strong-willed.
The black bear bites you but does no damage.
The black bear claws you but does no damage.
The black bear closely misses you. Edmund hits you with a +3 heavy flail!
* * * LOW HITPOINT WARNING * * *
The black bear misses you.
The black bear claws you but does no damage.
The black bear misses you.
You slash Edmund! You hit the black bear. The black bear closely misses you.
The black bear claws you.
* * * LOW HITPOINT WARNING * * *
The black bear claws you.
* * * LOW HITPOINT WARNING * * *
Edmund hits you with a +3 heavy flail.
* * * LOW HITPOINT WARNING * * *
Dowan mumbles some strange words.
Dowan blinks!
The black bear bites you but does no damage.
The black bear barely misses you. The black bear claws you.
* * * LOW HITPOINT WARNING * * *
You slash Edmund!
You kill Edmund!
Trog accepts your kill.
You barely miss the black bear.
You feel yourself speed up.
Dowan gestures wildly while chanting.
Dowan blinks!
The black bear barely misses you.
The black bear claws you but does no damage.
The black bear closely misses you.
You barely miss the black bear. The black bear barely misses you. x3
The black bear bites you.
You die...

#.####......# #..........##.# #
#.#....###.## #..........##.#
###.<....###.# #####...#####.#
.............# ##..###.###.#
......######## ###..#.....##.#
...##......## ###...##).......#
...##.####..####...####....(####
...##.# ##...##h######....(#
#.....######...!@)...e.....(#
#..#........###########.....#
............# #.....#
#........##.# #.....#
#.....##....# #.....#
#..#.###.#### #.....# #........#
####### #.######.# #.# ###


You could see a black bear and Dowan (fast).

Vanquished Creatures
  Edmund (D:5)
  Duvessa (D:5)
  An ice beast (D:5)
  4 ogres
  A phantom (D:5)
  3 scorpions
  A howler monkey (D:5)
  A jelly (D:5)
  5 iguanas
  A sleepcap (D:5)
  3 orc wizards
  3 adders
  A shadow imp (D:5)
  An ufetubus (D:4)
  2 worms (D:3)
  3 dart slugs (D:3)
  6 orcs
  8 bats
  7 endoplasms
  11 giant cockroaches
  10 goblins
  4 hobgoblins
  5 quokkas
  3 ball pythons
  A frilled lizard (D:2)
  11 kobolds (D:3)
  3 rats
101 creatures vanquished.

Vanquished Creatures (others)
  Sigmund (D:5)
1 creature vanquished.

Grand Total: 102 creatures vanquished

Notes
Turn   | Place    | Note
-------+----------+-------------------------------------------
     0 | D:1      | Pooter the Minotaur Berserker began the quest for the Orb.
     0 | D:1      | Reached XP level 1. HP: 19/19 MP: 0/0
   181 | D:1      | Reached XP level 2. HP: 27/27 MP: 1/1
   194 | D:1      | Reached skill level 4 in Axes
   252 | D:1      | Reached skill level 1 in Stealth
   475 | D:2      | Reached XP level 3. HP: 28/33 MP: 2/2
   656 | D:2      | Reached ** piety under Trog
  1374 | D:3      | Noticed a scorpion
  1380 | D:3      | Killed a scorpion
  1381 | D:3      | Reached skill level 5 in Axes
  1381 | D:3      | Reached skill level 1 in Ranged Weapons
  1381 | D:3      | Reached XP level 4. HP: 41/41 MP: 3/3
  1881 | D:3      | Found Isyfo's Antique Weapon Boutique.
  2087 | D:3      | Reached XP level 5. HP: 47/47 MP: 4/4
  2388 | D:4      | Identified the +1 dagger of the Wheel {flame, *Rage Dex+6}
  2717 | D:4      | Noticed an ogre
  2723 | D:4      | Killed an ogre
  2724 | D:4      | Reached skill level 6 in Axes
  2724 | D:4      | Reached XP level 6. HP: 55/55 MP: 5/5
  2793 | D:4      | Reached skill level 5 in Fighting
  3242 | D:4      | Reached XP level 7. HP: 38/61 MP: 6/6
  3438 | D:5      | Entered Level 5 of the Dungeon
  3438 | D:5      | Noticed Sigmund
  3445 | D:5      | Killed Sigmund
  3455 | D:5      | Reached skill level 7 in Axes
  3531 | D:5      | Reached skill level 5 in Ranged Weapons
  3854 | D:5      | Reached XP level 8. HP: 70/70 MP: 7/7
  3877 | D:5      | Reached skill level 8 in Axes
  4230 | D:6      | Noticed Duvessa
  4230 | D:6      | Noticed Dowan
  4231 | D:6      | Noticed Edmund
  4243 | D:5      | Killed Duvessa
  4264 | D:5      | HP: 3/71 [Edmund/+3 heavy flail (2)]
  4264 | D:5      | HP: 1/71 [black bear (2)]
  4265 | D:5      | Killed Edmund
  4266 | D:5      | Slain by a black bear

Illustrated notes

Levels and vault maps discovered:
D:1:      reono_arrival_mine, layout_basic
D:2:      layout_basic, st_stairs_3
D:3:      minmay_roachtagon, layout_basic, serial_shops, shop,
          minmay_misc_feat_cross, minmay_goblin_kobold_house
D:4:      layout_basic
D:5:      layout_basic, uniq_sigmund
D:6:      minmay_diamond_boxcup, layout_basic, tso_metal_star,
          mainiacjoe_overflow_boulevard, chequers_temple_overflow_minitemple,
          amcnicky_altar_gilded, uniq_edmund, uniq_duvessa, uniq_prince_ribbit1

Skill      XL: |  1  2  3  4  5  6  7  8 |
---------------+-------------------------+-----
Axes           | 4 5 6 7 8 |  8.6
Stealth        | 1 |  1.7
Fighting       | 4 5 6 |  6.5
Ranged Weapons | 1 2 3 4 5 6 |  6.5
Armour         | |  2.4
Dodging        | |  2.1

Action                     |  1- 3 |  4- 6 |  7- 9 || total
---------------------------+-------+-------+-------++-------
  Melee: Hand axe          |    41 |       |       ||    41
         Headbutt          |     8 |    10 |     9 ||    27
         Battleaxe         |    35 |    92 |    51 ||   178
   Fire: Sling             |    19 |    65 |    18 ||   102
  Throw: Dart              |       |     1 |     7 ||     8
 Invoke: Berserk           |     2 |     4 |     2 ||     8
         Trog's Hand       |       |     3 |     3 ||     6
    Use: Scroll            |     1 |     4 |       ||     5
 Armour: Chain mail        |    53 |    61 |    40 ||   154
  Dodge: Dodged            |    51 |    47 |    37 ||   135

Table legend: (Time is in decaauts)
 A = Elapsed time spent in this place.
 B = Non-inter-level travel time spent in this place.
 C = Inter-level travel time spent in this place.
 D = Time resting spent in this place.
 E = Time spent auto-exploring this place.
 F = Levels seen in this place.
 G = Mean time per level.
                   A        B        C        D        E       F      G
               +--------+--------+--------+--------+--------+-----+--------+
         Total |   4436 |   4336 |    100 |    427 |   3000 |   6 |  739.3 |
       Dungeon |   4436 |   4336 |    100 |    427 |   3000 |   6 |  739.3 |
               +--------+--------+--------+--------+--------+-----+--------+

Top non-repeatable levels by time:
     D:4: 1163 daAuts
     D:3: 1055 daAuts
     D:2: 878 daAuts
     D:5: 847 daAuts
     D:1: 484 daAuts
     D:6: 8 daAuts
